 Dungeon Crawl Stone Soup version 0.28-a0-653-g7e9dba17c3 (webtiles) character file.

Game seed: 16786815438551221886

2 lawman0 the Covert (level 1, -3/23 HPs)
             Began as a Gnoll Delver on Oct 11, 2021.
             Killed from afar by an orc wizard (11 damage)
             ... with a magic dart
             ... on level 4 of the Dungeon.
             The game lasted 00:00:22 (78 turns).

lawman0 the Covert (Gnoll Delver)                     Turns: 78, Time: 00:00:23

Health: -3/23      AC:  3    Str: 11    XL:     1   Next: 40%
Magic:  1/1        EV: 13    Int:  9    God:
Gold:   33         SH:  0    Dex: 13    Spells: 0/0 levels left

rFire   . . .      SeeInvis .   a - +0 mace
rCold   . . .      Faith    .   (no shield)
rNeg    . . .      Spirit   .   b - +0 leather armour
rPois   .          Reflect  .   (no helmet)
rElec   .          Harm     .   (no cloak)
rCorr   .          Rampage  .   (no gloves)
Will    .....                   (no boots)
Stlth   ++++......              (no amulet)
HPRegen 0.07/turn               (no ring)
MPRegen 0.07/turn               (no ring)

@: no status effects
A: fangs 1, strong nose, distributed training
a: no special abilities


You were on level 4 of the Dungeon.
You visited 1 branch of the dungeon, and saw 2 of its levels.

You collected 33 gold pieces.

Inventory:

Hand Weapons
 a - a +0 mace (weapon)
Armour
 b - a +0 leather armour (worn)
Wands
 g - a wand of digging (3)
Scrolls
 c - a scroll of fog
 d - a scroll of vulnerability {unknown}
 e - a scroll of fear
Potions
 f - a potion of haste


   Skills:
 + Level 6.4 Fighting
 + Level 0.0 Short Blades
 + Level 0.0 Long Blades
 + Level 0.0 Axes
 + Level 4.4 Maces & Flails
 + Level 0.0 Polearms
 + Level 0.0 Staves
 + Level 0.0 Slings
 + Level 0.0 Bows
 + Level 0.0 Crossbows
 + Level 0.0 Throwing
 + Level 0.0 Armour
 + Level 4.4 Dodging
 + Level 9.5 Stealth
 + Level 0.0 Shields
 + Level 0.0 Unarmed Combat
 + Level 0.0 Spellcasting
 + Level 0.0 Conjurations
 + Level 0.0 Hexes
 + Level 0.0 Summonings
 + Level 0.0 Necromancy
 + Level 0.0 Translocations
 + Level 0.0 Transmutations
 + Level 0.0 Fire Magic
 + Level 0.0 Ice Magic
 + Level 0.0 Air Magic
 + Level 0.0 Earth Magic
 + Level 0.0 Poison Magic
 + Level 0.1 Invocations
 + Level 0.0 Evocations


You couldn't memorise any spells.
You didn't know any spells.
Your spell library was empty.

Dungeon Overview and Level Annotations

Branches:
Dungeon (5/15)
 Temple: D:4-7

Altars:


Innate Abilities, Weirdness & Mutations

You have very sharp teeth.
Your uncanny sense of smell can sniff out nearby items.
Your experience applies equally to all skills.


Message History

Found an escape hatch in the floor.
There is an escape hatch in the floor here.
You now have 19 gold pieces (gained 7).
Found a scale mail.
Found a stone staircase leading down.
Found a trident.
You now have 33 gold pieces (gained 14).
Found a stone staircase leading up.
Found an escape hatch in the ceiling.
An orc comes into view. It is wielding a +0 flail.
An orc is nearby!
An orc wizard comes into view. It is wielding a +0 dagger.
An orc comes into view. It is wielding a +0 club.
The orc wizard points at you and mumbles some strange words.
You are confused.
The orc shouts! x2
You barely miss the orc. Your bite misses the orc.
An orc comes into view. It is wielding a +0 club.
The orc hits you with a +0 club.
You bump into the rock wall.
The orc wizard misses you. The orc hits you with a +0 club.
The orc shouts!
You sock the orc!
You kill the orc!
The orc closely misses you. The orc wizard closely misses you.
Found 5 arrows.
The orc barely misses you.
Things that are here:
a +0 club; a +0 leather armour You bump into the rock wall.
The orc wizard hits you with a +0 dagger.
You completely miss the orc.
You feel less confused. The orc hits you with a +0 flail.
The orc wizard hits you with a +0 dagger.
The orc hits you with a +0 club. The orc hits you with a +0 flail.
You sock the orc!
You kill the orc!
The orc wizard points at you and mumbles some strange words.
The magic dart hits you!
You die...

... ∆ ... ... ..# ...
#.#### ... # .## #.#.
.###<# # ....##..#
#.##.######## #.....#
#.##.#.......
#(#####)o###.##.....# #.
#.....o@#...........###.
#########..<###...>..##.
##### #......##.
#......... ###.......
#..#.##. #..#....
#...####. #.#.# #.


You could see an orc wizard and an orc.

Vanquished Creatures
  2 orcs (D:4)
  A ball python (D:4)
3 creatures vanquished.

Notes
Turn   | Place    | Note
-------+----------+-------------------------------------------
     0 | D:5      | Reached skill level 9 in Stealth
     0 | D:5      | lawman0 the Gnoll Delver began the quest for the Orb.
     0 | D:5      | Reached XP level 1. HP: 23/23 MP: 1/1
     5 | D:5      | Noticed a sky beast
    27 | D:5      | Noticed a scorpion
    70 | D:4      | Noticed an orc wizard
    78 | D:4      | Killed from afar by an orc wizard

Illustrated notes

Levels and vault maps discovered:
D:4:      layout_loops_cross, uniq_edmund
D:5:      layout_basic, kennysheep_generic_room_15, uniq_grinder

Skill      XL: | |
---------------+-+-----
Stealth        | |  9.5
Fighting       | |  6.4
Maces & Flails | |  4.4
Dodging        | |  4.4
Invocations    | |  0.1

Action                   || total
-------------------------++-------
Melee: Mace              ||     5
  Use: Scroll            ||     1
Dodge: Dodged            ||     5

Table legend: (Time is in decaauts)
 A = Elapsed time spent in this place.
 B = Non-inter-level travel time spent in this place.
 C = Inter-level travel time spent in this place.
 D = Time resting spent in this place.
 E = Time spent auto-exploring this place.
 F = Levels seen in this place.
 G = Mean time per level.
                   A        B        C        D        E       F      G
               +--------+--------+--------+--------+--------+-----+--------+
         Total |     78 |     78 |      0 |      0 |     25 |   2 |   39.0 |
       Dungeon |     78 |     78 |      0 |      0 |     25 |   2 |   39.0 |
               +--------+--------+--------+--------+--------+-----+--------+

Top non-repeatable levels by time:
     D:4: 47 daAuts
     D:5: 31 daAuts
